 Dungeon Crawl Stone Soup version 0.20-a0-754-g13ddd6e (webtiles) character file.

746 nono the Skirmisher (level 7, -1/39 HPs)
             Began as a Vine Stalker Hunter on Feb 25, 2017.
             Was an Initiate of Trog.
             Slain by Yehuk's ghost (3 damage)
             ... on level 5 of the Dungeon.
             The game lasted 00:11:59 (1385 turns).

nono the Skirmisher (Vine Stalker Hunter)           Turns: 1385, Time: 00:12:01

Health: -1/39      AC:  7    Str: 16    XL:     7   Next: 77%
Magic:  0/8        EV: 10    Int: 11    God:    Trog [......]
Gold:   20         SH: 11    Dex: 15    Spells: 6/6 levels left

rFire    . . .     SeeInvis .   t - +0 hand axe
rCold    . . .     Gourm    .   b - +0 leather armour
rNeg     . . .     Faith    .   m - +1 shield {AC+3}
rPois    .         Spirit   +   (no helmet)
rElec    .         Reflect  .   w - +0 cloak
rCorr    .         Harm     +   (no gloves)
MR       .....     Rnd*Tele +   (no boots)
Stlth    ++........             v - amulet of harm (curse)
Regen    0.6/turn               (no ring)
MPRegen  0.2/turn               o - ring of teleportation (curse)

@: no status effects
A: fangs 2, regeneration 1, magic shield, antimagic bite, no potion heal 3, rot
immunity
a: Burn Spellbooks, Renounce Religion


You were on level 5 of the Dungeon.
You worshipped Trog.
Trog was noncommittal.
You were not hungry.

You visited 1 branch of the dungeon, and saw 5 of its levels.

You collected 75 gold pieces.
You spent 55 gold pieces at shops.

Inventory:

Hand Weapons
 a - a +0 short sword
 t - a +0 hand axe (weapon)
 x - a +4 quarterstaff of chaos
Missiles
 c - 6 javelins (quivered)
 d - a throwing net
Armour
 b - a +0 leather armour (worn)
 e - a +0 buckler
 m - a +1 shield of protection (worn)
 w - a +0 cloak (worn)
Jewellery
 o - a cursed ring of teleportation (left hand)
 v - a cursed amulet of harm (around neck)
Wands
 r - a wand of disintegration (0/24)
Scrolls
 h - 7 scrolls of identify
 i - a scroll of amnesia {unknown}
 j - 2 scrolls of enchant weapon {unknown}
 k - 8 scrolls of remove curse {unknown}
 q - a scroll of fear
 u - a scroll of teleportation
 y - a scroll of magic mapping {unknown}
Potions
 l - 2 potions of flight
 n - a potion of curing {unknown}
 p - a potion of cancellation {unknown}
Comestibles
 f - a bread ration
 g - 2 meat rations
 s - 4 fruits


   Skills:
 + Level 5.7 Fighting
 + Level 0.1 Axes
 - Level 3.6 Throwing
 + Level 0.2 Armour
 - Level 1.5 Dodging
 - Level 1.2 Stealth
 - Level 5.0 Shields


You had 6 spell levels left.
You didn't know any spells.

Dungeon Overview and Level Annotations

Branches:
Dungeon (5/15)
 Temple: D:4-7

Altars:
Cheibriados
Elyvilon
Gozag
Okawaru
Trog
Vehumet

Shops:
D:4 ?

Annotations:
D:5 Yehuk's ghost, novice DEFE


Innate Abilities, Weirdness & Mutations

You have extremely sharp teeth.
Your natural rate of healing is unusually fast.
When hurt, damage is shared between your health and your magic reserves.
Your bite disrupts and absorbs the magic of your enemies.
Potions cannot restore your health.
You are immune to rotting.


Message History

Yehuk's ghost gestures at you while chanting.
The flame tongue hits you!
* * * LOW HITPOINT WARNING * * *
The shadow imp closely misses you.
You hit Yehuk's ghost.
Yehuk's ghost is lightly damaged.
You hit the shadow imp. You block Yehuk's ghost's attack.
The shadow imp laughs crazily.
You block the shadow imp's attack. Yehuk's ghost hits you.
* * * LOW HITPOINT WARNING * * *
x2 Unknown command.
Evoke which item? (* to show all) (? for menu, Esc to quit)
Okay, then.
You barely miss the shadow imp.
You bite the shadow imp, but do no damage.
The shadow imp is severely wounded.
You completely miss Yehuk's ghost. The shadow imp gestures at you.
You resist with significant effort. Yehuk's ghost hits you.
You die...

#............##.....##
####..#..............##
##.................#
###...%.............#
.............>.......#
..##................(#
..)....................#
....###........W.......#
.... #....%...5@.....##
....###.......##.....##
.............#########
.............#
...........<.#
.............#
#####......$.#
#.####...# #. #...#


You could see Yehuk's ghost and a shadow imp.

Vanquished Creatures
  Pikel (D:4)
  A scorpion (D:4)
  A howler monkey (D:4)
  A hound (D:5)
  Crazy Yiuf (D:4)
  An iguana (D:4)
  An orc wizard (D:5)
  A gnoll (D:1)
  A howler monkey skeleton (D:5)
  An ooze (D:4)
  An adder skeleton (D:4)
  A dart slug (D:4)
  A leopard gecko (D:5)
  6 orcs
  A giant cockroach (D:1)
  A goblin (D:1)
  5 hobgoblins
  A quokka (D:4)
  6 bats
  5 frilled lizards
  5 kobolds
  2 rats
45 creatures vanquished.

Vanquished Creatures (others)
  2 slaves (D:4)
  A scorpion (D:4)
  A worker ant (D:4)
  A worm (D:4)
5 creatures vanquished.

Grand Total: 50 creatures vanquished

Notes
Turn   | Place    | Note
-------+----------+-------------------------------------------
     0 | D:1      | nono the Vine Stalker Hunter began the quest for the Orb.
     0 | D:1      | Reached XP level 1. HP: 11/11 MP: 2/2
   129 | D:1      | Reached XP level 2. HP: 13/15 MP: 3/3
   148 | D:1      | Reached skill level 1 in Shields
   234 | D:1      | Reached XP level 3. HP: 4/19 MP: 4/4
   431 | D:2      | Found a white marble altar of Elyvilon.
   587 | D:3      | Found a radiant altar of Vehumet.
   627 | D:4      | Found a snail-covered altar of Cheibriados.
   645 | D:4      | Found an iron altar of Okawaru.
   661 | D:4      | Gained mutation: Your natural rate of healing is unusually fast. [Vine Stalker growth]
   661 | D:4      | Reached XP level 4. HP: 5/24 MP: 2/5
   769 | D:5      | Entered Level 5 of the Dungeon
   782 | D:5      | Found an opulent altar of Gozag.
   799 | D:5      | Reached XP level 5. HP: 16/29 MP: 6/6
   860 | D:5      | Noticed a phantom
   897 | D:4      | Found Gure Isi's Magic Scroll Shop.
   905 | D:4      | Bought a scroll of teleportation for 33 gold pieces
   907 | D:4      | Bought a scroll of identify for 22 gold pieces
   908 | D:4      | Noticed a slave
   911 | D:4      | Noticed a slave
   912 | D:4      | Noticed a slave
   912 | D:4      | Noticed a slave
   914 | D:4      | Noticed Pikel
  1016 | D:4      | Killed Pikel
  1016 | D:4      | Reached skill level 5 in Fighting
  1016 | D:4      | Reached XP level 6. HP: 3/35 MP: 1/7
  1016 | D:4      | Reached XP level 7. HP: 3/39 MP: 1/8
  1076 | D:4      | Reached skill level 5 in Shields
  1094 | D:4      | Found a runed door.
  1192 | D:4      | Found a bloodstained altar of Trog.
  1208 | D:4      | Became a worshipper of Trog the Wrathful
  1292 | D:4      | Noticed Crazy Yiuf
  1304 | D:4      | Killed Crazy Yiuf
  1369 | D:5      | Noticed Yehuk's ghost (novice DEFE)
  1383 | D:5      | HP: 1/39 [Yehuk's ghost (1)]
  1385 | D:5      | Slain by Yehuk's ghost

Vault maps used:
D:1:      scummos_arrival_forest
D:2:      nicolae_ru_great_annihilating_truth, elyvilon_altar_1, first_bread,
          minmay_goblin_kobold_house
D:3:      grunt_dithmenos_smoke_and_mirrors, overflow_temple_1_default
D:4:      nicolae_overflow_crystal_walls, lemuel_doored_altar, serial_shops,
          shop, okawaru_gym_becter, uniq_crazy_yiuf_cottage, uniq_pikel
D:5:      kennysheep_little_box, minmay_temple_entry_fiery,
          gup_sewer_entry_bubbles

Skill      XL: |  1  2  3  4  5  6  7 |
---------------+----------------------+-----
Fighting       | 2 3 5 |  5.7
Shields        | 1 2 4 5 |  5.0
Axes           | |  0.1
Throwing       | |  3.6
Armour         | |  0.2
Dodging        | |  1.5
Stealth        | |  1.2

Action                   |  1- 3 |  4- 6 |  7- 9 || total
-------------------------+-------+-------+-------++-------
Melee: Short sword       |   100 |   125 |    18 ||   243
       Bite              |    32 |    37 |    10 ||    79
       Hand axe          |       |       |    17 ||    17
Throw: Javelin           |     6 |       |       ||     6
       Throwing net      |     2 |       |       ||     2
Evoke: Wand              |     1 |     6 |       ||     7
  Use: Potion            |       |     4 |       ||     4
       Scroll            |       |     1 |       ||     1
 Stab: Sleeping          |     1 |       |       ||     1
       Invisible         |       |     1 |       ||     1
  Eat: Chunk             |       |       |     2 ||     2
Armor: Leather armour    |    35 |    21 |     3 ||    59
Dodge: Dodged            |    49 |    48 |     8 ||   105
Block: Buckler           |     9 |       |       ||     9
       Shield            |    21 |    66 |    23 ||   110
